 Dungeon Crawl Stone Soup version 0.17.2-1-ge4368a0 (webtiles) character file.

17 Goblin1989 the Grasshopper (level 2, -12/15 HPs)
             Began as a Vine Stalker Warper on July 28, 2016.
             Mangled by pedritolo's ghost (14 damage)
             ... on level 3 of the Dungeon.
             The game lasted 00:03:18 (269 turns).

Goblin1989 the Grasshopper (Vine Stalker Warper)     Turns: 269, Time: 00:03:18

Health: -12/15     AC:  4    Str: 13    XL:     2   Next: 62%
Magic:  0/6        EV: 11    Int: 13    God:
Gold:   25         SH:  0    Dex: 13    Spells: 1 memorised, 4 levels left

rFire  . . .     SeeInvis .     a - +0 short sword
rCold  . . .     Clarity  .     b - +0 leather armour
rNeg   . . .     SustAt   .     (no shield)
rPois  .         Gourm    .     l - +0 helmet
rElec  .         Spirit   +     (no cloak)
rCorr  .         Warding  .     (no gloves)
rMut   .         Stasis   .     (no boots)
MR     .....                    (no amulet)
Stlth  ++........               (no ring)
                                (no ring)

@: not resistant to hostile enchantments, unstealthy
A: fangs 2, regeneration 1, magic shield, antimagic bite, no device heal 3, rot
immunity
a: no special abilities


You were on level 3 of the Dungeon.
You were not hungry.

You visited 1 branch of the dungeon, and saw 3 of its levels.

You collected 25 gold pieces.

Inventory:

Hand Weapons
 a - a +0 short sword (weapon)
 k - a +0 falchion of holy wrath
Missiles
 e - 2 tomahawks of dispersal (quivered)
 i - 16 poisoned needles
Armour
 b - a +0 leather armour (worn)
 l - a +0 helmet (worn)
Scrolls
 d - a scroll of blinking
 h - a scroll of teleportation {unknown}
Potions
 g - 2 potions of curing {unknown}
 j - a potion of flight {unknown}
Books
 c - a book of Spatial Translocations

   Spells                             Type                      Level
   a - Apportation                    Translocation                1
   b - Blink                          Translocation                2
   c - Shroud of Golubria             Charms/Translocation         2
   d - Portal Projectile              Translocation                3
   e - Teleport Other                 Translocation                3
   f - Passage of Golubria            Translocation                4
Comestibles
 f - a bread ration


   Skills:
 - Level 1.7 Fighting
 * Level 2.2 Short Blades
 - Level 0.8 Throwing
 - Level 0.7 Armour
 - Level 1.5 Dodging
 + Level 1.5 Stealth
 - Level 2.1 Spellcasting
 + Level 3.2 Translocations


You had 4 spell levels left.
You knew the following spells:

 Your Spells              Type           Power        Failure   Level  Hunger
a - Apportation           Tloc           #.........   12%         1    ##.....


Dungeon Overview and Level Annotations

Branches:
Dungeon (3/15)

Altars:

Annotations:
D:3 pedritolo's ghost, amateur SpEn


Innate Abilities, Weirdness & Mutations

You have extremely sharp teeth.
Your natural rate of healing is unusually fast.
When hurt, damage is shared between your health and your magic reserves.
Your bite disrupts and absorbs the magic of your enemies.
Potions and wands cannot restore your health.
You are immune to rotting.


Message History

Throwing (i - inventory):
e - 4 tomahawks of dispersal (quivered)
Press: ? - help, Shift-Dir - straight line, f/p - pedritolo's ghost
Aim: pedritolo's ghost, wielding a weapon of electrocution You throw a tomahawk of dispersal.
The tomahawk of dispersal barely misses pedritolo's ghost.
Pedritolo's ghost hits you.
You are electrocuted!
Ouch! That really hurt!
* * * LOW HITPOINT WARNING * * *
You take 8 damage, and have 1/15 hp.
MASSIVE DAMAGE!!
You now have 0/6 mp.
Throwing (i - inventory):
e - 3 tomahawks of dispersal (quivered)
Press: ? - help, Shift-Dir - straight line, f/p - pedritolo's ghost
Aim: pedritolo's ghost, wielding a weapon of electrocution You throw a tomahawk of dispersal.
The tomahawk of dispersal closely misses pedritolo's ghost.
Pedritolo's ghost misses you. Pedritolo's ghost casts a spell at you.
You fall asleep.
Pedritolo's ghost hits you!
You wake up.
Ouch! That really hurt!
You die...

#. <.##
.#. .. #
.###.#
#...# #.#
#W####
#.@..#
#...#.#
....#..
.#
####...#.
# ##.##..
#. .# ..
.# ## #


You could see pedritolo's ghost.

Vanquished Creatures
  An adder (D:2)
  3 goblins (D:2)
  A hobgoblin (D:1)
  A bat (D:1)
  A giant newt (D:1)
  2 rats
9 creatures vanquished.

Notes
Turn   | Place    | Note
--------------------------------------------------------------
     0 | D:1      | Goblin1989 the Vine Stalker Warper began the quest for the Orb.
     0 | D:1      | Reached XP level 1. HP: 11/11 MP: 4/4
   174 | D:2      | Reached skill level 1 in Stealth
   221 | D:2      | Reached XP level 2. HP: 2/15 MP: 0/6
   263 | D:3      | Noticed pedritolo's ghost (amateur SpEn)
   269 | D:3      | Mangled by pedritolo's ghost

Action                   || total
-------------------------++-------
Melee: Short sword       ||    30
Throw: Tomahawk          ||     3
 Cast: Apportation       ||     7
